 Dungeon Crawl Stone Soup version 0.27-a0-91-g4f573a835d (webtiles) character file.

Game seed: 8924449468465236388

20491 Essalna the Thaumaturge (level 12, -3/72 HPs)
             Began as a Deep Elf Earth Elementalist on Jan 15, 2021.
             Was an Elder of Vehumet.
             Engulfed by a cloud of freezing vapour (16 damage)
             ... in an ice cave.
             The game lasted 00:54:04 (19452 turns).

Essalna the Thaumaturge (DEEE)                     Turns: 19452, Time: 00:54:05

Health: -3/72      AC:  4    Str:  5    XL:     12   Next: 45%
Magic:  27/30      EV: 19    Int: 29    God:    Vehumet [****..]
Gold:   801        SH: 10    Dex: 15    Spells: 22/36 levels left

rFire    . . .     SeeInvis .   S - +2 trident (flame)
rCold    . . .     Faith    .   q - +0 buckler
rNeg     . . .     Spirit   .   c - +0 robe
rPois    +         Reflect  +   E - +1 hat {Int+3}
rElec    .         Harm     .   n - +0 cloak
rCorr    .         Rampage  .   (no gloves)
Will     ++...                  (no boots)
Stlth    ++........             A - amulet of reflection
HPRegen  0.22/turn              K - ring of willpower
MPRegen  0.22/turn              W - ring of poison resistance

@: no status effects
A: no striking features
a: Renounce Religion


You were in an ice cave.
You worshipped Vehumet.
Vehumet was greatly pleased with you.
You visited 3 branches of the dungeon, and saw 15 of its levels.
You also visited: Ice Cave.

You collected 801 gold pieces.

Inventory:

Hand Weapons
 S - a +2 trident of flaming (weapon)
Missiles
 b - 422 stones
Armour
 c - a +0 robe (worn)
 n - a +0 cloak (worn)
 q - a +0 buckler (worn)
 E - a +1 hat of intelligence (worn)
 P - a +0 leather armour of fire resistance
Magical Staves
 r - an uncursed staff of death {unknown}
Jewellery
 h - an uncursed ring of see invisible
 A - an amulet of reflection (around neck)
 B - an uncursed ring of wizardry
 K - a ring of willpower (left hand)
 O - an uncursed ring of fire
 W - a ring of poison resistance (right hand)
Wands
 g - a wand of polymorph (10)
 I - a wand of disintegration (31)
 Q - a wand of acid (7)
Scrolls
 a - 2 scrolls of brand weapon
 e - a scroll of random uselessness
 j - 3 scrolls of immolation
 k - 8 scrolls of fear
 m - a scroll of fog
 o - 8 scrolls of remove curse
 u - a scroll of identify
 x - 5 scrolls of magic mapping
 y - 3 scrolls of enchant armour {unknown}
 D - a scroll of amnesia {unknown}
 F - 4 scrolls of enchant weapon {unknown}
 H - a scroll of torment {unknown}
 N - 4 scrolls of vulnerability {unknown}
 T - 2 scrolls of noise {unknown}
 X - 2 scrolls of silence {unknown}
Potions
 d - 5 potions of brilliance
 f - 4 potions of haste
 i - 2 potions of magic
 l - a potion of berserk rage
 p - 3 potions of might
 t - 2 potions of lignification
 v - a potion of invisibility
 w - 2 potions of attraction
 z - 5 potions of curing
 J - a potion of cancellation
 M - 2 potions of mutation
 R - 2 potions of flight


   Skills:
 + Level 7.3 Fighting
 - Level 3.0 Armour
 + Level 10.7 Dodging
 - Level 2.4 Stealth
 - Level 4.0 Shields
 + Level 12.8 Spellcasting
 - Level 6.0 Conjurations
 - Level 1.1 Transmutations
 + Level 5.0 Fire Magic
 + Level 11.2 Earth Magic


You had 22 spell levels left.
You knew the following spells:

 Your Spells              Type           Power        Failure   Level
a - Sandblast             Erth           100%         1%          1
b - Stone Arrow           Conj/Erth      100%         1%          3
c - Lee's Rapid Deconstr  Erth           35%          1%          5
d - Fireball              Conj/Fire      25%          2%          5

Your spell library contained the following spells:

 Spells                   Type           Power        Failure   Level
 Eringya's Noxious Bog    Tmut/Pois      10%          61%         6
 Magic Dart               Conj           100%         1%          1
 Passwall                 Tmut/Erth      44%          1%          2
 Searing Ray              Conj           100%         1%          2
 Conjure Flame            Conj/Fire      50%          1%          3
 Dazzling Flash           Conj/Hex       70%          1%          3
 Inner Flame              Hex/Fire       33%          1%          3
 Mephitic Cloud           Conj/Pois/Air  30%          1%          3
 Animate Skeleton         Necr           36%          2%          1
 Apportation              Tloc           36%          2%          1
 Corona                   Hex            20%          2%          1
 Summon Small Mammal      Summ           72%          2%          1
 Fulminant Prism          Conj/Hex       17%          2%          4
 Iskenderun's Mystic Bla  Conj/Tloc      35%          2%          4
 Leda's Liquefaction      Hex/Erth       25%          2%          4
 Petrify                  Tmut/Erth      53%          2%          4
 Poisonous Vapours        Pois/Air       36%          4%          2
 Slow                     Hex            18%          4%          2
 Portal Projectile        Hex/Tloc       36%          9%          3
 Cause Fear               Hex            9%           28%         4
 Freezing Cloud           Conj/Ice/Air   15%          41%         6


Dungeon Overview and Level Annotations

Branches:
Dungeon (11/15)            Temple (1/1) D:6            Lair (3/6) D:11
  Swamp (0/4) Lair:3        IceCv (1/1)
  Snake: Lair:2-4    Spider: Lair:2-4       Orc: D:9-12

Altars:
Ashenzari
Fedhas
Gozag
Hepliaklqana
Kikubaaqudgha
Makhleb
Nemelex Xobeh
Qazlal
Ru
Trog
Uskayaw
Vehumet
Wu Jian
Xom
Yredelemnul
The Shining One

Shops:
D:6 [

Annotations:
Lair:2 1 runed translucent door, Liadgh Ycvi's ghost, journeyman PaFi IceCv exclusion: 2 ice statues


Message History

Press: ? - help, Dir - move target An ice covered rock wall.
The wall shatters!
The blast of rock fragments hits the white imp!!
You kill the white imp!
Vehumet accepts your kill.
You feel your power returning.
Your Fire Magic skill increases to level 5! 2 ice statues come into view.
The ice statue gestures.
Marking area around 2 ice statues as unsafe for travelling.
You are engulfed in freezing vapours.
Okay, then.
You are engulfed in freezing vapours.
Okay, then.
You are engulfed in freezing vapours.
* * * LOW HITPOINT WARNING * * *
Okay, then.
You feel better.
You are engulfed in freezing vapours.
You die...

##§. ##§§.§ ##§§○○○#
#....§§8 #### #.....○##
######..## #......≈###
##..##....##
##.....§○§§###..........#
#........§Y§#.......∩.∩.#
#......§§##@§..##.......#
#......§####§.#####...[##
##......8# #### ##..##
##.#.#### #### # ##


You could see an ice beast (summoned).

Vanquished Creatures
  3 hydras (Lair:2)
  A two-headed ogre (D:10)
  A death yak (Lair:2)
  A bog body (Lair:3)
  An elephant (D:11)
  2 gargoyles
  A cane toad (Lair:2)
  3 rime drakes
  3 komodo dragons
  The ghost of mokwee the Stinger, a novice OpVM (D:4)
  A polar bear (Lair:2)
  3 trolls
  9 blink frogs
  Sigmund (D:2)
  19 yaks
  2 vampires
  A wyvern (D:11)
  The ghost of anet the Magician, an amateur GnWz of Ashenzari (D:4)
  4 water moccasins
  6 orc warriors
  An ice beast (D:7)
  3 sky beasts
  6 black bears
  Purgy (D:3)
  2 phantoms
  5 centaurs
  9 ogres
  A big kobold (D:10)
  12 bullfrogs
  A wyvern zombie (D:9)
  5 scorpions
  A water moccasin skeleton (D:6)
  7 killer bees
  An electric eel (Lair:1)
  4 howler monkeys
  2 vampire bats (Lair:3)
  14 wights
  2 bullfrog zombies (D:9)
  3 hounds
  A centaur zombie (D:6)
  A bullfrog skeleton (D:10)
  A centaur skeleton (D:4)
  4 jellies
  13 orc priests
  6 iguanas
  13 orc wizards
  Natasha (twice) (D:2)
  9 worker ants
  2 hound zombies
  A hound skeleton (D:4)
  15 adders
  8 gnolls
  A shadow imp (D:9)
  5 white imps
  5 ufetubi
  2 oozes
  An adder zombie (D:9)
  4 worms
  5 dart slugs
  4 leopard geckos
  70 orcs
  4 giant cockroaches
  6 hobgoblins
  14 jackals
  A quokka (D:3)
  4 ball pythons
  12 bats
  4 frilled lizards
  7 goblins
  9 kobolds
  2 quokka zombies
  3 rats
  A spectral orc (D:6)
384 creatures vanquished.

Vanquished Creatures (others)
  3 white imps (IceCv)
  4 ufetubi (IceCv)
  3 fungi
  13 plants
23 creatures vanquished.

Grand Total: 407 creatures vanquished

Notes
Turn   | Place    | Note
-------+----------+-------------------------------------------
     0 | D:1      | Essalna the Deep Elf Earth Elementalist began the quest for
                  | the Orb.
     0 | D:1      | Reached XP level 1. HP: 10/10 MP: 6/6
   401 | D:1      | Reached XP level 2. HP: 12/15 MP: 6/8
  1125 | D:2      | Reached skill level 4 in Spellcasting
  1125 | D:2      | Reached XP level 3. HP: 19/19 MP: 5/10
  1129 | D:2      | Learned a level 3 spell: Stone Arrow
  1213 | D:2      | Noticed Sigmund
  1239 | D:2      | Killed Sigmund
  1240 | D:2      | Reached skill level 5 in Spellcasting
  1240 | D:2      | Reached XP level 4. HP: 4/24 MP: 3/13
  1240 | D:2      | Reached XP level 5. HP: 5/28 MP: 3/14
  1522 | D:2      | Reached skill level 5 in Earth Magic
  1613 | D:2      | Found a hide-covered altar of Uskayaw.
  2375 | D:2      | Noticed Natasha
  2382 | D:2      | Killed Natasha
  2621 | D:2      | Noticed Natasha
  2627 | D:2      | Killed Natasha
  2628 | D:2      | Reached XP level 6. HP: 32/32 MP: 12/16
  3558 | D:3      | Reached skill level 1 in Shields
  3636 | D:3      | Noticed Purgy
  3643 | D:3      | Killed Purgy
  3644 | D:3      | Reached skill level 6 in Spellcasting
  3867 | D:3      | Reached XP level 7. HP: 36/36 MP: 11/18
  4977 | D:4      | Found a runed translucent gate.
  5045 | D:4      | Found a runed translucent gate.
  5046 | D:4      | Found a runed translucent gate.
  5047 | D:4      | Noticed mokwee's ghost (novice OpVM)
  5048 | D:4      | Noticed anet's ghost (amateur GnWz)
  5709 | D:4      | Reached skill level 1 in Armour
  5842 | D:4      | Reached skill level 1 in Fighting
  5962 | D:4      | Reached XP level 8. HP: 34/43 MP: 1/20
  6375 | D:4      | Learned a level 5 spell: Lee's Rapid Deconstruction
  6399 | D:5      | Entered Level 5 of the Dungeon
  6401 | D:5      | Reached skill level 7 in Spellcasting
  6984 | D:5      | Reached skill level 5 in Conjurations
  7853 | D:5      | Reached XP level 9. HP: 34/49 MP: 15/22
  8155 | D:4      | Killed mokwee's ghost
  8156 | D:4      | Reached skill level 8 in Spellcasting
  8439 | D:4      | Killed anet's ghost
  8775 | D:6      | Reached skill level 5 in Dodging
  8874 | D:6      | Found Muoth's Antique Armour Shoppe.
  8874 | D:6      | Found a staircase to the Ecumenical Temple.
  8887 | Temple   | Entered the Ecumenical Temple
  8969 | Temple   | Became a worshipper of Vehumet
  9177 | D:6      | Found an ancient bone altar of Kikubaaqudgha.
  9640 | D:6      | Found a basalt altar of Yredelemnul.
 10472 | D:7      | Found a broken altar of Ashenzari.
 10501 | D:7      | Found a sparkling altar of Nemelex Xobeh.
 10831 | D:8      | Reached * piety under Vehumet
 10831 | D:8      | Offered knowledge of Shock by Vehumet.
 10835 | D:8      | Reached skill level 9 in Spellcasting
 10942 | D:8      | Found a bloodstained altar of Trog.
 11282 | D:8      | Reached XP level 10. HP: 54/56 MP: 9/25
 12000 | D:9      | Reached ** piety under Vehumet
 12000 | D:9      | Offered knowledge of Freeze by Vehumet.
 12773 | D:8      | Reached skill level 10 in Spellcasting
 13174 | D:9      | Offered knowledge of Mephitic Cloud by Vehumet.
 13320 | D:9      | Reached skill level 5 in Fighting
 13848 | D:9      | Reached *** piety under Vehumet
 14490 | D:10     | Entered Level 10 of the Dungeon
 14551 | D:10     | Reached XP level 11. HP: 64/64 MP: 5/27
 14685 | D:10     | Offered knowledge of Olgreb's Toxic Radiance by Vehumet.
 14841 | D:10     | Reached skill level 11 in Spellcasting
 15077 | D:10     | Noticed a two-headed ogre
 15088 | D:10     | Killed a two-headed ogre
 15271 | D:10     | Reached **** piety under Vehumet
 15682 | D:11     | Found a staircase to the Lair.
 15694 | D:11     | Reached skill level 10 in Earth Magic
 15703 | D:11     | Offered knowledge of Fireball by Vehumet.
 15710 | D:11     | Learned a level 5 spell: Fireball
 15976 | Lair:1   | Entered Level 1 of the Lair of Beasts
 16099 | Lair:1   | Reached skill level 1 in Fire Magic
 16680 | Lair:1   | Reached skill level 12 in Spellcasting
 17085 | Lair:1   | Found a hazy altar of Hepliaklqana.
 17372 | Lair:2   | Noticed an eight-headed hydra
 17378 | Lair:2   | Reached skill level 10 in Dodging
 17418 | Lair:2   | Noticed a six-headed hydra
 17419 | Lair:2   | Killed an eight-headed hydra
 17423 | Lair:2   | Killed a six-headed hydra
 17424 | Lair:2   | Reached XP level 12. HP: 43/71 MP: 14/30
 17681 | Lair:2   | Noticed an eight-headed hydra
 17695 | Lair:2   | Killed an eight-headed hydra
 18233 | Lair:2   | Found a runed translucent door.
 18233 | Lair:2   | Found a shimmering altar of Xom.
 18233 | Lair:2   | Noticed Liadgh Ycvi's ghost (journeyman PaFi)
 18705 | Lair:3   | Noticed a death yak
 18706 | Lair:3   | Reached ***** piety under Vehumet
 18707 | Lair:3   | Noticed a death yak
 18707 | Lair:3   | Noticed a death yak
 18707 | Lair:3   | Noticed a death yak
 18709 | Lair:3   | Noticed a death yak
 18709 | Lair:3   | Noticed a death yak
 18723 | Lair:2   | Killed a death yak
 18723 | Lair:2   | Offered knowledge of Eringya's Noxious Bog by Vehumet.
 19105 | Lair:3   | Found a staircase to the Swamp.
 19128 | Lair:3   | Got an encrusted leather armour
 19133 | Lair:3   | Found a frozen archway.
 19142 | IceCv    | Entered an ice cave
 19252 | IceCv    | Identified the cursed +0 leather armour of Shielding {+Inv
                  | +Fly rN+ Str-2} (You found it on level 3 of the Lair of
                  | Beasts)
 19445 | IceCv    | Reached skill level 5 in Fire Magic
 19451 | IceCv    | HP: 3/72 [something (19)]
 19452 | IceCv    | Engulfed by a cloud of freezing vapour

Illustrated notes

Levels and vault maps discovered:
D:1:      tarquinn_simple_flora_water_e, layout_loops_ring
D:2:      layout_basic, eat_drink_and_be_merry_uskayaw, uniq_natasha,
          uniq_sigmund
D:3:      layout_basic, kennysheep_generic_room_4, uniq_purgy
D:4:      layout_basic, gammafunk_ghost_cemetery
D:5:      layout_loops_ring
D:6:      layout_loops_ring, yredelemnul_forgotten_temple_becter,
          kiku_gazebo_pond_becter, minmay_temple_entry_crystal_x, serial_shops,
          shop, minmay_fractal_squares_diagonal_5, uniq_crazy_yiuf_cottage
D:7:      layout_basic, gammafunk_temple_overflow_statue
D:8:      layout_rooms, lemuel_crystal_altar
D:9:      cheibrodos_fzero, layout_grid_maze
D:10:     layout_roguey [special_room_orc], kennysheep_generic_room_2
D:11:     layout_basic, david_lair_generic, minivault_8, uniq_josephine
Temple:   regret_index_temple_sphere_string
Lair:1:   layout_layer_cave, basic_altar, minivault_24, serial_bayou_shore_a,
          infiniplex_staircase_pool_2
Lair:2:   layout_cave_pods, ebering_ghost_xom, grunt_megastairs_5,
          lemuel_fruit_tree
Lair:3:   layout_hall_layers, skrybe_swamp_entry_bodies, portal_ice_cave_rime,
          roderic_batcave, serial_bayou_shore_b
IceCv:    ice_cave_small_demon

Skill      XL: |  1  2  3  4  5  6  7  8  9 10 11 12 |
---------------+-------------------------------------+-----
Earth Magic    | 4 5 6 8 9 10 11 | 11.2
Spellcasting   | 4 5 6 7 9 10 12 | 12.8
Conjurations   | 2 3 4 5 6 |  6.0
Shields        | 1 2 3 4 |  4.0
Armour         | 1 2 3 |  3.0
Dodging        | 3 4 6 8 10 | 10.7
Fighting       | 1 2 3 5 6 7 |  7.3
Fire Magic     | 3 5 |  5.0
Stealth        | |  2.4
Transmutations | |  1.1

Action                   |  1- 3 |  4- 6 |  7- 9 | 10-12 || total
-------------------------+-------+-------+-------+-------++-------
Melee: Dagger            |    32 |    42 |    40 |    39 ||   153
       Trident           |       |       |       |    88 ||    88
 Cast: Sandblast         |    25 |    17 |    38 |    18 ||    98
       Stone Arrow       |       |    27 |   146 |   116 ||   289
       Lee's Rapid Decon |       |       |    28 |   107 ||   135
       Fireball          |       |       |       |     1 ||     1
  Use: Scroll            |       |       |       |    21 ||    21
       Potion            |       |       |       |     1 ||     1
 Stab: Sleeping          |     3 |     3 |     2 |       ||     8
       Distracted        |       |       |     1 |       ||     1
Armor: Robe              |     4 |    11 |    10 |    25 ||    50
Dodge: Dodged            |    41 |    33 |    59 |   175 ||   308
Block: Other             |       |       |     6 |       ||     6
       Buckler           |       |       |     5 |   142 ||   147
       Reflection        |       |       |       |    11 ||    11

Table legend: (Time is in decaauts)
 A = Elapsed time spent in this place.
 B = Non-inter-level travel time spent in this place.
 C = Inter-level travel time spent in this place.
 D = Time resting spent in this place.
 E = Time spent auto-exploring this place.
 F = Levels seen in this place.
 G = Mean time per level.
                   A        B        C        D        E       F      G
               +--------+--------+--------+--------+--------+-----+--------+
         Total |  19511 |  18342 |   1169 |   1833 |  14096 |  16 | 1219.4 |
       Dungeon |  15916 |  14887 |   1029 |   1587 |  11344 |  11 | 1446.9 |
        Temple |     95 |     75 |     20 |      0 |     73 |   1 |   95.0 |
          Lair |   3185 |   3065 |    120 |    139 |   2542 |   3 | 1061.7 |
      Ice Cave |    313 |    313 |      0 |    107 |    137 |   1 |  313.0 |
               +--------+--------+--------+--------+--------+-----+--------+

Top non-repeatable levels by time:
     D:4: 2556 daAuts
     D:2: 1944 daAuts
     D:9: 1802 daAuts
     D:3: 1711 daAuts
     D:8: 1671 daAuts
  Lair:1: 1593 daAuts
  Lair:2: 1494 daAuts
     D:5: 1387 daAuts
     D:7: 1163 daAuts
     D:6: 1120 daAuts
     D:1: 1105 daAuts
    D:10: 1029 daAuts
    D:11: 425 daAuts
   IceCv: 313 daAuts
  Lair:3: 97 daAuts
